 Dungeon Crawl Stone Soup version 0.31.0-11-ge490571c62 (webtiles) character file.

Game seed: 10913658784569633264

9 Amaterasu the Grasshopper (level 2, 0/26 HPs)
             Began as a Gnoll Warper on Jan 27, 2024.
             Slain by a kobold
             ... wielding a +2 whip of electrocution
              (4 damage)
             ... on level 1 of the Dungeon.
             The game lasted 00:01:05 (278 turns).

Amaterasu the Grasshopper (Gnoll Warper)             Turns: 278, Time: 00:01:06

Health: 0/26       AC:  5    Str: 10    XL:     2   Next: 12%
Magic:  7/7        EV: 11    Int: 12    God:
Gold:   42         SH:  0    Dex: 11    Spells: 10/10 levels left

rFire   . . .        g - +2 short sword (speed)
rCold   . . .        (no shield)
rNeg    . . .        h - +0 ring mail
rPois   .            (no helmet)
rElec   .            (no cloak)
rCorr   .            (no gloves)
SInv    .            (no boots)
Will    .....        (no amulet)
Stlth   +            (no ring)
HPRegen 0.24/turn    (no ring)
MPRegen 0.10/turn

%: no passive effects
@: no status effects
A: fangs 1, strong nose, distributed training
a: no special abilities


You were on level 1 of the Dungeon.
You visited 1 branch of the dungeon, and saw 1 of its levels.

You collected 42 gold pieces.

Inventory:

Hand Weapons
 a - a +0 short sword
 g - a +2 short sword of speed (weapon)
Missiles
 d - 7 darts of dispersal (quivered)
 i - 5 poisoned darts
Armour
 b - a +0 leather armour
 h - a +0 ring mail (worn)
Scrolls
 c - a scroll of blinking
 f - a scroll of enchant weapon {unknown}
Potions
 e - a potion of curing {unknown}


   Skills:
 + Level 4.4 Fighting
 + Level 4.4 Short Blades
 + Level 0.3 Long Blades
 + Level 0.3 Axes
 + Level 0.3 Maces & Flails
 + Level 0.3 Polearms
 + Level 0.3 Staves
 + Level 0.3 Ranged Weapons
 + Level 2.4 Throwing
 + Level 2.4 Armour
 + Level 4.4 Dodging
 + Level 0.3 Stealth
 + Level 0.3 Shields
 + Level 0.3 Unarmed Combat
 + Level 4.9 Spellcasting
 + Level 0.2 Conjurations
 + Level 0.2 Hexes
 + Level 0.2 Summonings
 + Level 0.2 Necromancy
 + Level 5.3 Translocations
 + Level 0.2 Fire Magic
 + Level 0.2 Ice Magic
 + Level 0.2 Air Magic
 + Level 0.2 Earth Magic
 + Level 0.2 Alchemy
 + Level 0.4 Invocations
 + Level 0.3 Evocations
 + Level 0.2 Shapeshifting


You had 10 spell levels left.
You didn't know any spells.
Your spell library contained the following spells:

 Spells                   Type           Power      Damage    Failure   Level
 Blink                    Tloc           30%        N/A       9%          2
 Lesser Beckoning         Tloc           30%        N/A       9%          2
 Teleport Other           Tloc           15%        N/A       16%         3
 Manifold Assault         Tloc           15%        N/A       47%         4
 Vhi's Electric Charge    Tloc/Air       18%        N/A       83%         4


Dungeon Overview and Level Annotations

Branches:
Dungeon (1/15)

Altars:


Innate Abilities, Weirdness & Mutations

You have very sharp teeth.
Your uncanny sense of smell can sniff out nearby items.
Your experience applies equally to all skills.


Message History

You continue taking off your +0 leather armour. x4
You finish taking off your +0 leather armour.
You start putting on your armour.
You continue putting on your +0 ring mail. x5
You finish putting on your +0 ring mail.
A giant cockroach comes into view.
A giant cockroach is nearby!
The giant cockroach bites you.
You closely miss the giant cockroach.
The giant cockroach bites you but does no damage.
You closely miss the giant cockroach. The giant cockroach closely misses you.
You hit the giant cockroach.
You kill the giant cockroach!
You have reached level 2!
Found a long sword.
You see here a +0 long sword.
Found a short sword.
You see here a +0 short sword.
i - 5 poisoned darts
Found a stone staircase leading down.
A goblin comes into view.
It is wielding a +0 dagger. 2 kobolds come into view.
A kobold is wielding a +2 whip of electrocution.
The kobold shouts! x2
You closely miss the kobold. You closely miss the kobold. You hit the kobold.
The kobold is severely wounded.
You hit the kobold.
You kill the kobold!
The kobold hits you but does no damage.
You are electrocuted!
You barely miss the kobold. Your bite misses the kobold.
You hit the kobold but do no damage.
The kobold hits you with a +2 whip of electrocution.
You are electrocuted!
* * * LOW HITPOINT WARNING * * *
You hit the kobold but do no damage. You barely miss the kobold.
The goblin closely misses you.
The kobold hits you with a +2 whip of electrocution.
You die...

#......#.##.......#
#.####...##.......###
#.#####..##.......'.. .#
#........##.......###
..#######.#######+###..
#.............)....# #.#
...#.###...#######.###.#
......#K.### #......#.#
#.)@## #.##.#.#.# #.g##
#)#..#.#.# #..
#.#..#.#.# #.>
#.#....#.# ...
#.######.# ∆ ##.. ∆
#........# #..
########## #..


You could see a goblin and a kobold.

Vanquished Creatures
  A giant cockroach (D:1)
  A quokka (D:1)
  2 ball pythons (D:1)
  3 kobolds (D:1)
  A rat (D:1)
8 creatures vanquished.

Notes
Turn   | Place    | Note
-------+----------+-------------------------------------------
     0 | D:1      | Amaterasu the Gnoll Warper began the quest for the Orb.
     0 | D:1      | Reached XP level 1. HP: 20/20 MP: 6/6
    30 | D:1      | Found a faded altar of an unknown god.
   215 | D:1      | Reached XP level 2. HP: 24/26 MP: 7/7
   278 | D:1      | Slain by a kobold

Illustrated notes

Levels and vault maps discovered:
D:1:      dpeg_arrival_ratfight, layout_basic, nicolae_ecumenical_snake_handling

Action                     || total
---------------------------++-------
  Melee: Short sword       ||    27
         Bite              ||     2
 Armour: Leather armour    ||     7
         Ring mail         ||     5
  Dodge: Dodged            ||     8
